 Dungeon Crawl Stone Soup version 0.23-a0-703-gdf2d5e0dd9 (webtiles) character file.

22 Hercules1031 the Magician (level 2, 0/23 HPs)
             Began as a Gnoll Wanderer on Jan 13, 2019.
             Slain by a worm (7 damage)
             ... on level 2 of the Dungeon.
             The game lasted 00:04:44 (1209 turns).

Hercules1031 the Magician (Gnoll Wanderer)          Turns: 1209, Time: 00:04:44

Health: 0/23       AC:  2    Str: 15    XL:     2   Next: 91%
Magic:  0/10       EV: 11    Int: 11    God:
Gold:   58         SH:  0    Dex: 16    Spells: 14/15 levels left

rFire    . . .     SeeInvis .   e - +0 dagger
rCold    . . .     Gourm    .   (no shield)
rNeg     . . .     Faith    .   d - +0 robe
rPois    .         Spirit   +   (no helmet)
rElec    .         Reflect  .   (no cloak)
rCorr    .         Harm     .   (no gloves)
MR       .....                  (no boots)
Stlth    +++.......             g - amulet of guardian spirit
HPRegen  0.07/turn              (no ring)
MPRegen  0.12/turn              (no ring)

@: very slightly contaminated
A: distributed training, fangs 1, strong nose
a: no special abilities


You were on level 2 of the Dungeon.
You were not hungry.

You visited 1 branch of the dungeon, and saw 2 of its levels.

You collected 58 gold pieces.

Inventory:

Hand Weapons
 e - a +0 dagger (weapon)
Armour
 d - a +0 robe (worn)
Jewellery
 g - an amulet of guardian spirit (around neck)
Scrolls
 a - a scroll of noise {unknown}
 h - 2 scrolls of identify {unknown}
 j - a scroll of remove curse {unknown}
 m - a scroll of teleportation {unknown}
 o - a scroll of magic mapping {unknown}
Potions
 b - 2 potions of heal wounds {unknown}
 c - a potion of lignification
 i - a potion of invisibility {unknown}
 k - a potion of ambrosia {unknown}
 l - a potion of flight {unknown}
 n - a potion of magic {unknown}
 p - a potion of degeneration {unknown}
Comestibles
 f - a ration


   Skills:
 + Level 2.5 Fighting
 + Level 0.5 Short Blades
 + Level 0.5 Long Blades
 + Level 0.5 Axes
 + Level 0.5 Maces & Flails
 + Level 0.5 Polearms
 + Level 0.5 Staves
 + Level 0.5 Slings
 + Level 0.5 Bows
 + Level 0.5 Crossbows
 + Level 2.5 Throwing
 + Level 0.5 Armour
 + Level 0.5 Dodging
 + Level 4.1 Stealth
 + Level 2.5 Shields
 + Level 0.5 Unarmed Combat
 + Level 7.1 Spellcasting
 + Level 0.4 Conjurations
 + Level 0.4 Hexes
 + Level 0.4 Charms
 + Level 0.4 Summonings
 + Level 0.4 Necromancy
 + Level 3.7 Translocations
 + Level 0.4 Transmutations
 + Level 0.4 Fire Magic
 + Level 0.4 Ice Magic
 + Level 0.4 Air Magic
 + Level 0.4 Earth Magic
 + Level 0.4 Poison Magic
 + Level 0.7 Invocations
 + Level 0.5 Evocations


You had 14 spell levels left.
You knew the following spells:

 Your Spells              Type           Power        Failure   Level  Hunger
a - Magic Dart            Conj           #...         14%         1    None

Your spell library contained the following spells:

 Spells                   Type           Power        Failure   Level  Hunger
 Blink                    Tloc           N/A          5%          2    ##.....
 Pain                     Necr           #...         14%         1    None
 Call Imp                 Summ           #.......     22%         2    ##.....
 Slow                     Hex            #.......     22%         2    ##.....
 Conjure Flame            Conj/Fire      #.......     41%         3    ###....
 Mephitic Cloud           Conj/Pois/Air  #.......     41%         3    ###....
 Vampiric Draining        Necr           #.........   41%         3    ###....


Dungeon Overview and Level Annotations

Branches:
Dungeon (2/15)

Altars:


Innate Abilities, Weirdness & Mutations

Your experience applies equally to all skills.
You have very sharp teeth.
Your uncanny sense of smell can sniff out nearby items.


Message History

The worm completely misses you.
You hit the worm.
The worm is severely wounded.
You barely miss the worm.
The worm is severely wounded.
The worm bites you!
You hit the worm.
The worm is severely wounded.
The worm closely misses you.
Casting: Magic Dart (safe; 14% risk of failure)
Confirm with . or Enter, or press ? or * to list all spells.
Aiming: Magic Dart (safe; 14% risk of failure)
Press: ? - help, Shift-Dir - straight line, f/p - worm
Aim: a worm (severely wounded)
The magic dart hits the worm.
The worm is almost dead.
You barely miss the worm.
The worm is almost dead.
The worm bites you!
You die...

#....# #.###.##.# .....##
#.# .# # ......##
######.## .# ..)†...#
#.......# .. ......###
#.####..####..#
.....####.#. #........#
............#####.####(##
...##...........#.####.#
..## .##....###w@......#
..# .###.#. ###.######
... .# # #. ...# ..# ##
#####


You could see a worm.

Vanquished Creatures
  A leopard gecko (D:1)
  3 bats (D:1)
  A giant cockroach (D:1)
  2 goblins (D:2)
  2 hobgoblins (D:1)
  3 frilled lizards
  6 kobolds (D:1)
  4 rats (D:1)
22 creatures vanquished.

Notes
Turn   | Place    | Note
-------+----------+-------------------------------------------
     0 | D:1      | Hercules1031 the Gnoll Wanderer began the quest for the
                  | Orb.
     0 | D:1      | Hercules1031 set off with the following items: a potion of
                  | lignification, a +0 robe, a +0 dagger, a ration; and the
                  | following spells available to memorise: Blink, Magic Dart,
                  | Pain, Call Imp, Slow, Conjure Flame, Mephitic Cloud,
                  | Vampiric Draining
     0 | D:1      | Reached XP level 1. HP: 17/17 MP: 8/8
     3 | D:1      | Learned a level 1 spell: Magic Dart
   383 | D:1      | Reached XP level 2. HP: 23/23 MP: 6/10
  1209 | D:2      | Slain by a worm

Vault maps used:
D:1:      sevenhm_arrival_forest_fort_large_2
D:2:      corexii_shack, uniq_jessica

Action                   || total
-------------------------++-------
Melee: Dagger            ||    41
       Bite              ||     5
 Cast: Magic Dart        ||    52
 Stab: Sleeping          ||     1
  Eat: Ration            ||     1
Armor: Robe              ||    11
Dodge: Dodged            ||    39

Table legend:
 A = Non-vault XP
 B = Vault XP
 C = Vault XP percentage of total XP
 D = Non-vault monster count
 E = Vault monster count
 F = Vault count percentage of total count
                 A         B        C        D         E       F
            +---------+---------+-------+---------+---------+-------
      Total |      32 |       0 |   0.0 |      22 |       0 |   0.0
            +---------+---------+-------+---------+---------+-------
        D:1 |      27 |       0 |   0.0 |      19 |       0 |   0.0
        D:2 |       5 |       0 |   0.0 |       3 |       0 |   0.0
            +---------+---------+-------+---------+---------+-------
